slyhack, chaotic female human Rogue ------- |.....| ------ --- -----########-.....| |.... . ...|# |.....| |...-------- .-----------.|# ##-.....| ----- |...|+++|..-------.|..|I.(|.)-.|# # |..<..| |...-######## |...|++?|..|.....|.|..|(((|..|.|# ### ----.-- |...| |...|...||-|.._(.|.-|-|...|---.|# # ### |...| |...--+--..|.....|....--+--....|# ### @ |....###############-..........|.....|..)..........|# # #f# ----- |....).[.{.----|--.{..)........|### ) |....................).........|# h |...-|---...........-|--+---...|# |...|.(.|-------.---|..|.. |...|# . |...|(.+| |%%.-.+..|..|...|...|# . |...|(..| |(%.|.|..|--|...|...|# .. |...----- -----.---- -----....# .| |... ... .........| -- ----- ----- ----------- slyhack the Rogue Experience level: 8 Strength: 18 Dexterity: 18 Constitution: 16 Intelligence: 8 Wisdom: 11 Charisma: 7 Health: 0(64) Energy: 36(36) Def: 16 Gold: 0 Moves: 10279 Dungeon seed: 1-59XZJ9uRB8gO6Q Game ID: slyhack_1479501824 Your Inventory: Amulets o - an uncursed amulet of reflection (being worn) Weapons a - a blessed +1 dagger named nc (weapon in hand) b - a +0 dagger (in quiver) d - 14 +0 darts m - a cursed -1 dagger t - a blessed +3 dagger w - a +0 dagger named nc Armor e - an uncursed +0 orcish shield (being worn) f - a blessed +1 dwarvish cloak (being worn) n - a blessed +2 orcish helm (being worn) q - a blessed +0 dwarvish iron helm A - an uncursed +0 pair of iron shoes (being worn) S - an uncursed +3 dwarvish mithril-coat (being worn) Comestibles l - 2 uncursed food rations r - an uncursed egg x - an uncursed lembas wafer P - 4 uncursed tripe rations T - 2 uncursed lizard corpses Wands I - a wand of digging (0:4) N - a wand of light (0:2) W - a wand of slow monster (0:7) Tools g - an uncursed skeleton key i - a cursed magic lamp k - an uncursed skeleton key B - an uncursed sack Contents of the sack: 1806 gold pieces a cursed potion of healing a wand of light (0:13) Spells and supernatural/magical abilities: Name Level Category Fail Memory W - pray for help -- divine ? -- Your skills at the end: Fighting Skills wands [Basic] Weapon Skills dagger [Expert] short sword [Basic] Spellcasting Skills Final Attributes: You were piously aligned. You were cold resistant. You were poison resistant. You were telepathic. You were stealthy. You had reflection. You are dead. Vanquished creatures: 2 giant mimics a red naga a chameleon a giant beetle a quivering blob a leprechaun 2 ice vortices a vampire bat 2 gnome kings a werewolf 3 lizards a dog 2 dingos a housecat 2 jaguars 2 dwarf lords a snake an ape 4 soldier ants 9 Mordor orcs 3 rock piercers 2 rock moles a pony 3 shriekers 7 gnome lords 5 gnomish wizards 3 red naga hatchlings a golden naga hatchling a guardian naga hatchling 3 gray oozes 2 elf zombies a straw golem 2 giant ants 2 little dogs 2 floating eyes 2 kittens 10 dwarves 2 homunculi 2 kobold shamans 3 hill orcs 3 rothes 2 centipedes 4 giant bats a monkey an orc zombie 2 dwarf zombies a wererat a werejackal an iguana 8 killer bees 2 acid blobs 2 coyotes 2 gas spores 4 hobbits 6 manes a large kobold 8 giant rats a cave spider 4 brown molds a yellow mold a green mold a red mold 25 gnomes 8 garter snakes a gnome zombie 3 geckos 12 jackals 4 foxes 6 kobolds a goblin 6 sewer rats 11 grid bugs 10 lichens 6 kobold zombies 10 newts 256 creatures vanquished. Voluntary challenges: You had been an atheist until turn 9624. You used a wielded weapon 223 times, starting on turn 36. You read items or engraved 5 times, starting on turn 1908. You never genocided any monsters. You never polymorphed an object. You never changed form. You used no wishes. You never split a pudding. You wrote Elbereth's name 5 times, starting on turn 1908. You never violated your personal moral code. Dungeon overview: The Dungeons of Doom: levels 1 to 7 Level 1 some fountains a long staircase Level 2 a weapon shop Level 3 Level 4 a fountain, a sink stairs to The Gnomish Mines Level 5 many fountains Level 6 a sink stairs to Sokoban Level 7 The Gnomish Mines: levels 5 to 8 Level 5 stairs to The Dungeons of Doom Level 6 Level 7 Level 8 <- You were here many shops, a temple to Mog, some fountains Sokoban: levels 2 to 5 Level 2 Level 3 Level 4 Level 5 stairs to The Dungeons of Doom History has recorded: On T:1 you entered the Dungeons of Doom to retrieve the Amulet of Yendor! On T:190 you reached level 2 of The Dungeons of Doom. On T:282 you advanced to experience level 2. On T:291 you reached level 3 of The Dungeons of Doom. On T:733 you advanced to experience level 3. On T:1045 you reached level 4 of The Dungeons of Doom. On T:1207 you reached level 1 of The Gnomish Mines. On T:1253 you reached level 5 of The Dungeons of Doom. On T:1420 you advanced to experience level 4. On T:1813 you reached level 6 of The Dungeons of Doom. On T:1833 you reached level 7 of The Dungeons of Doom. On T:1907 you advanced to experience level 5. On T:1925 you reached level 4 of Sokoban. On T:2277 you reached level 3 of Sokoban. On T:3278 you reached level 2 of Sokoban. On T:3804 you advanced to experience level 6. On T:3970 you reached level 1 of Sokoban. On T:5984 you advanced to experience level 7. On T:7372 you reached level 2 of The Gnomish Mines. On T:8479 you reached level 3 of The Gnomish Mines. On T:8890 you advanced to experience level 8. On T:9434 you reached level 4 of The Gnomish Mines. Score breakdown: Gold: 1806 (11079 points) Experience: 8 levels (14739 points) Exploration: 8 levels ( 15.69%) (11224 points) Discoveries: 8 items ( 2.66%) ( 4890 points) Valuables value: (no points given unless you survive) Artifact value: 0 ( 0 points) Variety of kills: 75 monsters ( 19.58%) (13275 points) Turncount: 10279 turns (-2419 points) Survival: died (score multiplied by 80%) Total score: 42230 Latest messages: You engrave in the ground with an uncursed wand of digging. Gravel flies up from the floor. The storm giant turns to flee! The storm giant hits! Something is engraved here on the ground. You read: "Elbereth". You see no objects here. The storm giant hits! You throw 2 daggers. You strike the storm giant from behind! (2x) The storm giant hits! You throw 4 daggers. You strike the storm giant from behind! (3x) The 4th dagger hits the storm giant. The storm giant hits! A wave of psychic energy locks on to your telepathy! You die... Final status: Goodbye slyhack the Rogue, killed by a psychic blast... You died in The Gnomish Mines on dungeon level 8 with 42230 points, and 1806 pieces of gold, after 10279 moves. You were level 8 with a maximum of 64 hit points when you died.